 Dungeon Crawl Stone Soup version 0.29.1-1-gd02db6906a (webtiles) character file.

Game seed: 6355415651243408764

955 hawla the Firebug (level 8, -6/88 HPs)
             Began as a Meteoran Fire Elementalist on Oct 10, 2022.
             Mangled by a lemure (8 damage)
             ... led by Pikel
             ... on level 5 of the Dungeon.
             The game lasted 00:09:30 (2576 turns).

hawla the Firebug (Meteoran Fire Elementalist)      Turns: 2576, Time: 00:09:31

Health: -6/88      AC:  2    Str:  9    XL:     8   Next: 63%
Magic:  20/20      EV: 13    Int: 19    God:
Gold:   223        SH:  0    Dex: 15    Spells: 18/21 levels left

rFire   . . .      SeeInvis .   j - +4 quarterstaff (vamp)
rCold   . . .      Faith    .   (shield currently unavailable)
rNeg    . . .      Spirit   .   a - +0 robe
rPois   .          Reflect  .   (no helmet)
rElec   .          Harm     .   (no cloak)
rCorr   .          Rampage  .   (no gloves)
Will    +....                   (no boots)
Stlth   ..........              (no amulet)
HPRegen 0.24/turn               (no ring)
MPRegen 0.17/turn               (no ring)

@: berserking, glowing, very quick
A: sense surroundings 1, otherworldly, glowing, explore regen
a: no special abilities


You were on level 5 of the Dungeon.
You visited 1 branch of the dungeon, and saw 7 of its levels.
You also visited: Sewer.

You collected 223 gold pieces.

Inventory:

Hand Weapons
 j - a +4 vampiric quarterstaff (weapon)
 o - the +1 flail of Zuful {vorpal, Dex+2}
   (You found it on level 5 of the Dungeon)

   It inflicts extra damage upon your enemies.
   Dex:       It affects your dexterity (+2).
Armour
 a - a +0 robe (worn)
 h - a +0 pair of boots
Jewellery
 e - a +6 ring of dexterity
 n - a ring of flight
Wands
 b - a wand of iceblast (13)
Scrolls
 m - a scroll of blinking {unknown}
Potions
 c - a potion of berserk rage
 d - 6 potions of flight
 f - a potion of might {unknown}
 i - a potion of invisibility {unknown}
 k - 2 potions of curing {unknown}
 l - 2 potions of haste {unknown}


   Skills:
 + Level 1.2 Fighting
 + Level 3.2 Dodging
 - Level 1.4 Stealth
 + Level 7.3 Spellcasting
 + Level 4.4 Conjurations
 + Level 7.5 Fire Magic


You had 18 spell levels left.
You knew the following spells:

 Your Spells              Type           Power      Damage    Failure   Level
a - Foxfire               Conj/Fire      100%       2x1d9     1%          1
b - Scorch                Fire           70%        2d9       1%          2

Your spell library contained the following spells:

 Spells                   Type           Power      Damage    Failure   Level
 Conjure Flame            Conj/Fire      29%        6-21      2%          3
 Static Discharge         Conj/Air       15%        3-5/arc   6%          2
 Inner Flame              Hex/Fire       21%        N/A       6%          3
 Flame Wave               Conj/Fire      29%        2d9       9%          4
 Sticky Flame             Conj/Fire      29%        2d5       9%          4
 Iskenderun's Battlesphe  Conj           23%        2d8       41%         5
 Dispel Undead            Necr           6%         3d8       67%         4
 Iron Shot                Conj/Erth      7%         9d2       99%         6
 Spellforged Servitor     Conj/Summ      7%         N/A       100%        7


Dungeon Overview and Level Annotations

Branches:
Dungeon (7/15) Zot: 1987   Temple (0/1) D:4           Sewer (visited)

Altars:
Hepliaklqana
Okawaru
Qazlal

Shops:
D:4 *(!   D:7 =

Annotations:
D:5 Pikel


Innate Abilities, Weirdness & Mutations

You passively map a small area around you.
You are easily found by Zot.
You glow in the dark.
You regain HP and MP as you explore.


Message History

You see here a +0 club.
There is a stone staircase leading down here.
You now have 223 gold pieces (gained 10).
n - a ring of flight 2 lemures come into view.
The lemure shouts! x2; You hear a shout!
Pikel and a lemure come into view.
Pikel is wielding a +1 whip of electrocution.
Found a scroll of enchant weapon.
Pikel shouts!
The lemure shouts!
You hear a shout!
A lemure comes into view.
The lemure hits you!
You see here the +1 flail of Zuful {vorpal, Dex+2}.
o - the +1 flail of Zuful {vorpal, Dex+2} The lemure hits you! x2
As you read the scroll labelled KYLLOCASMYQO, it crumbles to dust.
It is a scroll of brand weapon.
Your +4 quarterstaff thirsts for the lives of mortals!
j - a +4 vampiric quarterstaff (weapon)
The lemure closely misses you. The lemure misses you.
The lemure closely misses you.
Pikel hits you with a +1 whip of electrocution!
You hit Pikel.
You feel better.
Pikel is lightly wounded.
The lemure completely misses you. The lemure hits you. x2
Pikel hits you with a +1 whip of electrocution!
* * * LOW HITPOINT WARNING * * *
A red film seems to cover your vision as you go berserk!
You feel yourself moving faster!
You feel mighty! The lemure barely misses you.
The lemure hits you but does no damage.
Pikel hits you with a +1 whip of electrocution!
* * * LOW HITPOINT WARNING * * *
The lemure hits you.
* * * LOW HITPOINT WARNING * * *
You sock Pikel!
You feel better.
Pikel is moderately wounded.
The lemure hits you.
* * * LOW HITPOINT WARNING * * *
The lemure hits you!
You die...

###.## * ###.......#.#.#
#.# ##...# *
#.......#.#.# #.# .....#
#.......#.#.# #.# ##<..#
#..#....#.#.####.### , #
, ###..#................
#................#....
.##.#..#...##.#.##.#####
......K5........##.# *
..?..55@......####.# * *
*###.##5###.#### #.# * ,
, , #.* #... ,#.# * #.
#.### #.# * ## .## * #.#
* * # , , ..# ,*,* * * *
* * *


You could see Pikel and 4 lemures.

Vanquished Creatures
  Prince Ribbit (D:5)
  Sigmund (D:3)
  An ice beast (D:7)
  A sky beast (D:7)
  An ogre (D:3)
  Blork the orc (D:5)
  A scorpion (D:5)
  Ijyb (D:3)
  6 adders
  4 river rats
  A white imp (D:6)
  3 worms
  2 dart slugs
  An orc (D:3)
  8 bats
  5 endoplasms
  5 giant cockroaches
  8 goblins
  5 hobgoblins
  3 jackals (Sewer)
  4 quokkas
  3 ball pythons
  3 frilled lizards
  2 rats
71 creatures vanquished.

Vanquished Creatures (others)
  181 foxfires
181 creatures vanquished.

Grand Total: 252 creatures vanquished

Notes
Turn   | Place    | Note
-------+----------+-------------------------------------------
     0 | D:1      | hawla the Meteoran Fire Elementalist began the quest for
                  | the Orb.
     0 | D:1      | Reached XP level 1. HP: 14/14 MP: 5/5
   173 | D:1      | Reached XP level 2. HP: 20/20 MP: 4/6
   500 | D:1      | Glimpsed the power of Zot.
   550 | D:1      | Glimpsed the power of Zot.
   574 | D:2      | Reached XP level 3. HP: 16/26 MP: 4/8
  1014 | D:2      | Learned a level 2 spell: Scorch
  1100 | D:2      | Glimpsed the power of Zot.
  1121 | D:3      | Noticed Ijyb
  1388 | D:3      | Noticed Sigmund
  1392 | D:3      | Killed Sigmund
  1393 | D:3      | Reached skill level 5 in Fire Magic
  1393 | D:3      | Reached XP level 4. HP: 29/34 MP: 0/11
  1393 | D:3      | Reached XP level 5. HP: 33/39 MP: 0/12
  1393 | D:3      | Reached XP level 6. HP: 40/46 MP: 0/13
  1442 | D:3      | Killed Ijyb
  1457 | D:3      | Identified the +10 whip of Tibiuren {freeze, rC++ Str+4
                  | Int-3}
  1471 | D:3      | Found an iron altar of Okawaru.
  1562 | D:3      | Noticed an ogre
  1567 | D:3      | Killed an ogre
  1568 | D:3      | Reached skill level 5 in Spellcasting
  1568 | D:3      | Reached XP level 7. HP: 51/51 MP: 7/15
  1647 | D:3      | Found a stormy altar of Qazlal.
  1685 | D:3      | Glimpsed the power of Zot.
  1705 | D:3      | Found a glowing drain.
  1719 | Sewer    | Entered a sewer
  2100 | Sewer    | Glimpsed the power of Zot.
  2126 | D:3      | Glimpsed the power of Zot.
  2153 | D:3      | Glimpsed the power of Zot.
  2176 | D:4      | Found Cybaor's Weapon Shoppe.
  2223 | D:4      | Found Kociamoenk's General Store.
  2243 | D:4      | Found Ilia's Distillery.
  2246 | D:4      | You fall into a shaft and drop 3 floors!
  2326 | D:7      | Found Juikkitu's Jewellery Shoppe.
  2340 | D:7      | Reached skill level 1 in Fighting
  2340 | D:7      | Reached XP level 8. HP: 59/59 MP: 12/18
  2381 | D:5      | Entered Level 5 of the Dungeon
  2464 | D:5      | Found a hazy altar of Hepliaklqana.
  2464 | D:5      | Noticed Blork the orc
  2468 | D:5      | Killed Blork the orc
  2469 | D:5      | Found a faded altar of an unknown god.
  2511 | D:5      | Noticed Prince Ribbit
  2517 | D:5      | Killed Prince Ribbit
  2569 | D:5      | Noticed Pikel
  2571 | D:5      | Identified the +1 flail of Zuful {vorpal, Dex+2}
  2575 | D:5      | HP: 3/88 [lemure[Pikel] (6)]
  2576 | D:5      | Mangled by a lemure

Illustrated notes

Levels and vault maps discovered:
D:1:      evilmike_arrival_hilbert_curve, layout_loops_ring, grunt_decor_clamped
D:2:      layout_loops_cross
D:3:      layout_basic, lemuel_doored_altar, mainiacjoe_overflow_catwalk,
          dilly_ecumenical_altar_fadedgnrine, gup_sewer_entry_bubbles,
          minmay_misc_feat_rugged, uniq_ijyb, uniq_sigmund
D:4:      layout_basic, minmay_temple_entry_trees, serial_shops, shop,
          nicolae_shop_bloodbath_and_beyond, shop, minmay_misc_feat_enclosed
D:5:      layout_loops_ring, beargit_hepliaklqana_dungeon_heroes, uniq_edmund,
          uniq_pikel, uniq_prince_ribbit1
D:6:      layout_rooms, dancing_weapons_uskayaw,
          gammafunk_temple_overflow_elements, gammafunk_ghost_abyssal_escape
D:7:      layout_gridville, fedhas_altar_1, nicolae_stop_n_shop_1, uniq_menkaure

Skill      XL: |  1  2  3  4  5  6  7  8 |
---------------+-------------------------+-----
Fire Magic     | 4 5 6 7 |  7.5
Spellcasting   | 3 4 5 6 7 |  7.3
Conjurations   | 3 4 |  4.4
Dodging        | 3 |  3.2
Fighting       | 1 |  1.2
Stealth        | |  1.4

Action                   |  1- 3 |  4- 6 |  7- 9 || total
-------------------------+-------+-------+-------++-------
Melee: Unarmed           |    12 |     1 |     7 ||    20
       Quarterstaff      |       |       |     2 ||     2
 Cast: Foxfire           |    47 |    11 |    54 ||   112
       Scorch            |     4 |    12 |    30 ||    46
  Use: Scroll            |     3 |       |     2 ||     5
       Potion            |       |     1 |     1 ||     2
Armor: Robe              |     1 |     3 |     6 ||    10
Dodge: Dodged            |    11 |     6 |    24 ||    41
